 Dungeon Crawl Stone Soup version 0.28.0-47-ge53b351184 (webtiles) character file.

Game seed: 409726534133936240

41 GigaChad the Skirmisher (level 3, 0/34 HPs)
             Began as a Minotaur Fighter on May 10, 2022.
             Slain by a goblin
             ... wielding a +0 dagger
             ... led by Robin
              (3 damage)
             ... on level 2 of the Dungeon.
             The game lasted 00:03:04 (1110 turns).

GigaChad the Skirmisher (Minotaur Fighter)          Turns: 1110, Time: 00:03:05

Health: 0/34       AC:  7    Str: 20    XL:     3   Next: 32%
Magic:  2/2        EV:  9    Int:  5    God:
Gold:   72         SH:  4    Dex: 11    Spells: 2/2 levels left

rFire   . . .      SeeInvis .   i - +0 scimitar
rCold   . . .      Faith    .   c - +0 buckler
rNeg    . . .      Spirit   .   b - +0 scale mail
rPois   .          Reflect  .   (helmet restricted)
rElec   .          Harm     .   (no cloak)
rCorr   .          Rampage  .   (no gloves)
Will    .....                   (no boots)
Stlth   ..........              (no amulet)
HPRegen 0.11/turn               (no ring)
MPRegen 0.08/turn               (no ring)

@: no status effects
A: horns 2, retaliatory headbutt
a: no special abilities


You were on level 2 of the Dungeon.
You visited 1 branch of the dungeon, and saw 2 of its levels.

You collected 72 gold pieces.

Inventory:

Hand Weapons
 a - a +0 long sword
 i - a +0 scimitar (weapon)
Armour
 b - a +0 scale mail (worn)
 c - a +0 buckler (worn)
Scrolls
 e - a scroll of identify {unknown}
 h - a scroll of blinking {unknown}
Potions
 d - a potion of might
 f - 2 potions of lignification {unknown}
 g - a potion of curing {unknown}
 j - a potion of invisibility {unknown}
 k - a potion of haste {unknown}


   Skills:
 + Level 4.3 Fighting
 + Level 2.9 Long Blades
 + Level 4.1 Armour
 + Level 0.8 Dodging
 + Level 3.9 Shields


You had 2 spell levels left.
You didn't know any spells.
Your spell library was empty.

Dungeon Overview and Level Annotations

Branches:
Dungeon (2/15)

Altars:

Annotations:
D:2 Robin


Innate Abilities, Weirdness & Mutations

You have a pair of horns on your head.
You reflexively headbutt those who attack you in melee.


Message History

The hobgoblin barely misses you. The hobgoblin closely misses you.
You furiously retaliate!
You headbutt the hobgoblin!
You kill the hobgoblin!
The goblin hits you but does no damage. The goblin barely misses you.
You block the goblin's attack. Robin throws the goblin at you!
The goblin hits you but does no damage. The goblin closely misses you.
You furiously retaliate!
You headbutt the goblin. The hobgoblin barely misses you.
You furiously retaliate!
You headbutt the hobgoblin!
You kill the hobgoblin!
The hobgoblin misses you. The goblin closely misses you.
You furiously retaliate!
You headbutt the goblin, but do no damage.
You see here a hobgoblin corpse.
You slash the goblin!
You kill the goblin!
Robin hits you but does no damage. The goblin hits you with a +0 dagger.
The goblin closely misses you. The hobgoblin closely misses you.
The goblin hits you but does no damage. You block the goblin's attack.
The goblin hits you with a +0 club.
You barely miss the goblin. You headbutt the goblin.
You kill the goblin!
The goblin hits you but does no damage. You block the goblin's attack.
The goblin hits you but does no damage. The goblin closely misses you.
Robin barely misses you. The goblin hits you with a +0 club.
* * * LOW HITPOINT WARNING * * *
You hit the hobgoblin but do no damage. Your headbutt misses the hobgoblin.
The goblin hits you but does no damage. x2
The hobgoblin hits you but does no damage.
The goblin hits you but does no damage. x2; Robin barely misses you.
The goblin hits you with a +0 club.
* * * LOW HITPOINT WARNING * * *
You block the goblin's attack. The goblin closely misses you.
The hobgoblin hits you.
* * * LOW HITPOINT WARNING * * *
The goblin hits you but does no damage. You block the goblin's attack.
You closely miss the goblin. You block the goblin's attack.
The goblin barely misses you. The goblin hits you but does no damage.
The goblin hits you with a +0 dagger.
You die...

##### ###...#
..####ggg..#############
......g@g..............#
......ggg.############.#
.≈....≈...# #.#
.........## #.#
...≈≈....# #.#
...≈≈....# #.#
.........# #.#
.≈....≈... #.# #.#


You could see Robin, a hobgoblin (strong) and 6 goblins.

Vanquished Creatures
  2 dart slugs (D:1)
  4 endoplasms
  A giant cockroach (D:1)
  5 goblins
  8 hobgoblins
  4 ball pythons
  3 bats
  2 frilled lizards (D:1)
  3 rats (D:1)
32 creatures vanquished.

Notes
Turn   | Place    | Note
-------+----------+-------------------------------------------
     0 | D:1      | GigaChad the Minotaur Fighter began the quest for the Orb.
     0 | D:1      | Reached XP level 1. HP: 19/19 MP: 0/0
   179 | D:1      | Reached XP level 2. HP: 18/27 MP: 1/1
   288 | D:1      | Found a faded altar of an unknown god.
   873 | D:2      | Reached XP level 3. HP: 33/33 MP: 2/2
  1098 | D:2      | Noticed Robin
  1110 | D:2      | Slain by a goblin

Illustrated notes

Levels and vault maps discovered:
D:1:      dpeg_arrival_lava_temple_mockup, layout_basic, basic_ecumenical_altar
D:2:      layout_basic, basic_altar, kennysheep_nondescript, skrybe_limestone_x,
          st_stairs_4, grunt_decor_clamped, uniq_robin

Skill      XL: |  1  2 |
---------------+-------+-----
Fighting       | 4 |  4.3
Armour         | 4 |  4.1
Long Blades    | |  2.9
Dodging        | |  0.8
Shields        | |  3.9

Action                   || total
-------------------------++-------
Melee: Long sword        ||    37
       Headbutt          ||     4
       Scimitar          ||    16
Armor: Scale mail        ||    62
Dodge: Dodged            ||    65
Block: Buckler           ||    31
